 Dungeon Crawl Stone Soup version 0.28-a0-425-gd0eccab798 (webtiles) character file.

Game seed: 4728835742433861483

15 Jawa73 the Conjurer (level 2, -4/20 HPs)
             Began as a Gnoll Conjurer on Sept 9, 2021.
             Slain by a kobold (5 damage)
             ... on level 1 of the Dungeon.
             The game lasted 00:03:54 (526 turns).

Jawa73 the Conjurer (Gnoll Conjurer)                 Turns: 526, Time: 00:03:55

Health: -4/20      AC:  2    Str:  6    XL:     2   Next: 50%
Magic:  7/7        EV: 13    Int: 17    God:
Gold:   35         SH:  0    Dex: 10    Spells: 7/10 levels left

rFire   . . .      SeeInvis .   c - +0 war axe
rCold   . . .      Faith    .   (no shield)
rNeg    . . .      Spirit   .   a - +0 robe
rPois   .          Reflect  .   (no helmet)
rElec   .          Harm     .   (no cloak)
rCorr   .          Rampage  .   (no gloves)
Will    .....                   (no boots)
Stlth   ++........              (no amulet)
HPRegen 0.06/turn               (no ring)
MPRegen 0.10/turn               (no ring)

@: about to teleport
A: fangs 1, strong nose, distributed training
a: no special abilities


You were on level 1 of the Dungeon.
You visited 1 branch of the dungeon, and saw 1 of its levels.

You collected 35 gold pieces.

Inventory:

Hand Weapons
 c - a +0 war axe (weapon)
Armour
 a - a +0 robe (worn)


   Skills:
 + Level 0.4 Fighting
 + Level 0.4 Short Blades
 + Level 0.4 Long Blades
 + Level 0.4 Axes
 + Level 0.4 Maces & Flails
 + Level 0.4 Polearms
 + Level 0.4 Staves
 + Level 0.4 Slings
 + Level 0.4 Bows
 + Level 0.4 Crossbows
 + Level 0.4 Throwing
 + Level 0.4 Armour
 + Level 4.5 Dodging
 + Level 4.1 Stealth
 + Level 0.4 Shields
 + Level 0.4 Unarmed Combat
 + Level 4.9 Spellcasting
 + Level 7.0 Conjurations
 + Level 0.2 Hexes
 + Level 0.2 Summonings
 + Level 0.2 Necromancy
 + Level 0.2 Translocations
 + Level 0.2 Transmutations
 + Level 0.2 Fire Magic
 + Level 0.2 Ice Magic
 + Level 0.2 Air Magic
 + Level 0.2 Earth Magic
 + Level 0.2 Poison Magic
 + Level 0.5 Invocations
 + Level 0.4 Evocations


You had 7 spell levels left.
You knew the following spells:

 Your Spells              Type           Power      Damage    Failure   Level
a - Magic Dart            Conj           100%       1d8       1%          1
b - Searing Ray           Conj           56%        2d6       1%          2

Your spell library contained the following spells:

 Spells                   Type           Power      Damage    Failure   Level
 Dazzling Flash           Conj/Hex       32%        N/A       10%         3
 Freeze                   Ice            20%        1d4       13%         1
 Fulminant Prism          Conj/Hex       8%         3d7       30%         4
 Hailstorm                Conj/Ice       16%        3d6       30%         4
 Iskenderun's Mystic Bla  Conj/Tloc      16%        2d5       30%         4
 Frozen Ramparts          Ice            10%        1d3       36%         3


Dungeon Overview and Level Annotations

Branches:
Dungeon (1/15)

Altars:


Innate Abilities, Weirdness & Mutations

You have very sharp teeth.
Your uncanny sense of smell can sniff out nearby items.
Your experience applies equally to all skills.


Message History

Found a stone staircase leading down.
You feel your willpower return.
There is a stone staircase leading down here.
A hobgoblin comes into view.
The hobgoblin shouts!
The hobgoblin hits you. The hobgoblin closely misses you.
The hobgoblin closely misses you.
You hit the hobgoblin.
You kill the hobgoblin!
You see here a hobgoblin corpse.
There is a shaft here.
Found 17 stones.
You see here 17 stones.
A kobold comes into view. It is wielding a +0 whip.
A kobold comes into view. It is wielding a +3 dagger.
The helpless kobold fails to defend itself.
You hit the kobold. Your bite misses the kobold.
The kobold is moderately wounded.
The kobold closely misses you.
You hit the kobold.
You kill the kobold!
You see here a +0 whip.
The kobold shouts!
The kobold hits you with a +3 dagger.
You barely miss the kobold. The kobold hits you with a +3 dagger.
You closely miss the kobold. The kobold completely misses you.
The kobold hits you with a +3 dagger.
You closely miss the kobold. The kobold hits you with a +3 dagger.
You completely miss the kobold. The kobold hits you with a +3 dagger.
* * * LOW HITPOINT WARNING * * *
You barely miss the kobold. The kobold hits you with a +3 dagger.
* * * LOW HITPOINT WARNING * * *
The kobold completely misses you.
You aren't carrying any potions.
You see here a +0 whip.
As you read the scroll labelled NAENUS JIOTH, it crumbles to dust.
You feel strangely unstable.
It was a scroll of teleportation.
The kobold hits you with a +3 dagger.
You die...

#≈♣.♣≈##..##### #.# #..
≈≈♣.♣≈≈##.# #.# #.#
≈≈♣.♣≈≈##.# #.# ###.#
≈♣...♣≈##.## #.# #...#
♣.....♣ #..### ..# #.###
#>#.#.# ##...#####.#
####.# ###<###
###(......# #.##.# ###
#######..#######.##.#
#....K@.............#
..............###..#####
.######.....### ##...###
...###.# ###...### .####
.# ###...( #. .# ##... #
## #####..) #...>...
..###...


You could see a kobold.

Vanquished Creatures
  A giant cockroach (D:1)
  2 goblins (D:1)
  4 hobgoblins (D:1)
  2 jackals (D:1)
  A frilled lizard (D:1)
  A kobold (D:1)
  3 rats (D:1)
14 creatures vanquished.

Notes
Turn   | Place    | Note
-------+----------+-------------------------------------------
     0 | D:1      | Jawa73 the Gnoll Conjurer began the quest for the Orb.
     0 | D:1      | Reached XP level 1. HP: 13/13 MP: 6/6
    96 | D:1      | Reached XP level 2. HP: 18/19 MP: 0/7
    99 | D:1      | Learned a level 2 spell: Searing Ray
   175 | D:1      | Found a faded altar of an unknown god.
   523 | D:1      | HP: 1/20 [kobold (3)]
   526 | D:1      | Slain by a kobold

Illustrated notes

Levels and vault maps discovered:
D:1:      saegor_arrival_simple_d, layout_rooms,
          hellmonk_ecumenical_altar_lost_god

Action                   || total
-------------------------++-------
Melee: War axe           ||     8
 Cast: Magic Dart        ||    19
       Searing Ray       ||     1
  Use: Scroll            ||     2
 Stab: Sleeping          ||     1
Armor: Robe              ||     1
Dodge: Dodged            ||    10

Table legend: (Time is in decaauts)
 A = Elapsed time spent in this place.
 B = Non-inter-level travel time spent in this place.
 C = Inter-level travel time spent in this place.
 D = Time resting spent in this place.
 E = Time spent auto-exploring this place.
 F = Levels seen in this place.
 G = Mean time per level.
                   A        B        C        D        E       F      G
               +--------+--------+--------+--------+--------+-----+--------+
         Total |    529 |    529 |      0 |      0 |    394 |   1 |  529.0 |
       Dungeon |    529 |    529 |      0 |      0 |    394 |   1 |  529.0 |
               +--------+--------+--------+--------+--------+-----+--------+

Top non-repeatable levels by time:
     D:1: 529 daAuts
